 Dungeon Crawl Stone Soup version 0.27.1 (webtiles) character file.

Game seed: 3625337288226544042

7 Descartes the Sneak (level 1, -8/10 HPs)
             Began as a Felid Delver on Aug 25, 2021.
             Killed by divine providence
             ... invoked by an orc priest
              (10 damage)
             ... on level 3 of the Dungeon.
             The game lasted 00:01:10 (372 turns).

Descartes the Sneak (Felid Delver)                   Turns: 372, Time: 00:01:11

Health: -8/10      AC:  1    Str:  8    XL:     1   Next: 83%
Magic:  2/2        EV: 17    Int: 11    God:
Gold:   25         SH:  0    Dex: 17    Spells: 0/0 levels left
                                        Lives:  0   Deaths: 0

rFire    . . .     SeeInvis +     - Unarmed
rCold    . . .     Faith    .   (shield unavailable)
rNeg     . . .     Spirit   .   (armour unavailable)
rPois    .         Reflect  .   (helmet unavailable)
rElec    .         Harm     .   (cloak unavailable)
rCorr    .         Rampage  .   (gloves unavailable)
Will     .....                  (boots unavailable)
Stlth    ++++......             (no amulet)
HPRegen  0.03/turn              (no ring)
MPRegen  0.08/turn              (no ring)

@: quick
A: very small, claws 1, fangs 3, see invisible, speed 1, shaggy fur 1, stealthy
paws, no weapons or thrown items, no armour, multi-lived
a: no special abilities


You were on level 3 of the Dungeon.
You visited 1 branch of the dungeon, and saw 3 of its levels.

You collected 25 gold pieces.

Inventory:

Jewellery
 f - a ring of see invisible
Wands
 e - a wand of digging (3)
Scrolls
 a - a scroll of fog
 c - a scroll of fear
Potions
 d - a potion of ambrosia {unknown}


   Skills:
 - Level 3.0 Fighting
 - Level 2.6 Dodging
 + Level 7.1 Stealth
 - Level 2.0 Unarmed Combat


You couldn't memorise any spells.
You didn't know any spells.
Your spell library contained the following spells:

 Spells                   Type           Power      Damage    Failure   Level
 Stone Arrow              Conj/Erth      0%         3d7       71%         3
 Lehudib's Crystal Spear  Conj/Erth      0%         10d2      100%        8
 Animate Armour           Summ/Erth      Unusable   N/A       N/A         4

Dungeon Overview and Level Annotations

Branches:
Dungeon (5/15)
 Temple: D:4-7

Altars:
Cheibriados


Innate Abilities, Weirdness & Mutations

You have sharp claws.
You have razor-sharp teeth.
You have supernaturally acute eyesight. (SInv)
You cover ground quickly. (Speed+)
You are covered in fur. (AC +1)
Your paws help you pounce on unaware monsters.
You are incapable of wielding weapons or throwing items.
You cannot wear armour.
You gain extra lives every three experience levels.


Message History

A dart slug comes into view.
The orc shouts!
The ball python hisses angrily.
The ball python bites you. The ball python barely misses you.
The endoplasm quivers.
You scratch the ball python.
You kill the ball python!
You scratch the orc. You bite the orc.
The orc is moderately wounded.
The orc hits you with a +0 dagger. The dart slug launches a dart at you.
The slug dart misses you.
You closely miss the orc.
The orc is moderately wounded.
The orc hits you with a +0 dagger.
* * * LOW HITPOINT WARNING * * *
You are too injured to fight recklessly!
You open the door. The orc barely misses you. The endoplasm freezes you.
You are frozen.
* * * LOW HITPOINT WARNING * * *
Found a stone staircase leading up.
Found a stone staircase leading down.
There is a stone staircase leading up here.
You climb upwards.
You hear the sound of rushing water.
There is an entrance to a sewer on this level.
Hurry and find it before the portal rusts away!
There is a stone staircase leading down here.
As you read the scroll of magic mapping, it crumbles to dust.
You feel aware of your surroundings.
You sensed 1 shop/portal.
You open the door. 3 orcs and an orc priest come into view.
The orc priest shouts!
The orc shouts! x2
A giant cockroach comes into view.
The orc priest moves out of view.
The orc shouts!
Found a scroll labelled SYILYO HOJUFF and 19 stones.
The orc priest invokes the aid of Beogh against you.
Beogh smites you!
Ouch! That really hurt!
You die...

*,* *,*****,* *###.* *,*
*,******* **....###* *,*
*,,,,,,,* *,...o...* *,*
###******,* *,.......***,*
#..,,,,,*,* *,...o...,,,,*
#.#####,*,* *,....o..*****
#.#.#.#,*,*
********,.B.....#######.....#,*,*
,,,,,,,+,...o...@........>#,*,*,*
**,*****,.......#########.#,*,*,,
,*,* *,.......*,,,,,,,#.#,*,***
,*,* *,.......*,*****,#.#,,,,,,
,*,* *,.....?.*,* *,#.#**,***
,*,* ****##..(..,,* *,#.# *,*
,*,* *,,,.....##*** *,#.# *,*
,*,* *,,,.....** *,#.#**,* ,*,*
*,,,,,,,,,* ******,,,,,,,*


You could see an orc priest, 3 orcs and a giant cockroach.

Vanquished Creatures
  An adder skeleton (D:4)
  A giant cockroach (D:4)
  A goblin (D:4)
  A ball python (D:4)
4 creatures vanquished.

Notes
Turn   | Place    | Note
-------+----------+-------------------------------------------
     0 | D:5      | Descartes the Felid Delver began the quest for the Orb.
     0 | D:5      | Reached XP level 1. HP: 10/10 MP: 2/2
    19 | D:5      | Found a snail-covered altar of Cheibriados.
   309 | D:4      | Reached skill level 7 in Stealth
   371 | D:3      | Noticed an orc priest
   372 | D:3      | Killed from afar by an orc priest

Illustrated notes

Levels and vault maps discovered:
D:3:      layout_basic, cheibrodos_sewer_entry_bend, minmay_misc_feat_tower
D:4:      layout_gridville, amcnicky_mini_corridor_feature,
          chequers_serial_rivers_small_a, minmay_cut_off
D:5:      layout_cave_pools, lemuel_round_altar, okawaru_trees_2,
          grunt_temple_overflow_open, uniq_crazy_yiuf_cottage

Skill      XL: |  1 |
---------------+----+-----
Stealth        | 7 |  7.1
Fighting       | |  3.0
Dodging        | |  2.6
Unarmed Combat | |  2.0

Action                   || total
-------------------------++-------
Melee: Unarmed           ||    21
       Bite              ||     3
  Use: Scroll            ||     1
       Potion            ||     1
 Stab: Sleeping          ||     2
Armor: Skin              ||     1
Dodge: Dodged            ||    21
